 Dungeon Crawl Stone Soup version 0.30-a0-634-g8abc85282e (webtiles) character file.

Game seed: 9307437216584240359

1814 pokeman the Thaumaturge (level 8, 0/66 HPs)
             Began as a Deep Elf Hedge Wizard on Jan 14, 2023.
             Was a Follower of Vehumet.
             Succumbed to a hornet's poison
             ... on level 7 of the Dungeon.
             The game lasted 00:12:42 (7518 turns).

pokeman the Thaumaturge (Deep Elf Hedge Wizard)     Turns: 7518, Time: 00:12:43

Health: 0/66       AC: 24    Str:  7    XL:     8   Next: 84%
Magic:  5/24       EV:  2    Int: 22    God:    Vehumet [*.....]
Gold:   338        SH:  0    Dex: 20    Spells: 19/27 levels left

rFire   + . .      SeeInvis .    H - +1 short sword (venom)
rCold   . . .      Faith    .    (no shield)
rNeg    . . .      Spirit   .    (body armour currently unavailable)
rPois   +          Reflect  .    (helmet currently unavailable)
rElec   .          Harm     .    (cloak currently unavailable)
rCorr   .          Rampage  .    (gloves currently unavailable)
Will    .....      NoTele   +    (boots currently unavailable)
Stlth   +++                      f - amulet of the acrobat
HPRegen 0.31/turn                B - ring of protection from fire
MPRegen 0.19/turn                D - +6 ring of dexterity

@: lethally poisoned (0 -> -3), tree-form, hasted, invisible, very quick
A: stationary, stasis, torment immunity, boosted hp
a: Renounce Religion


You were on level 7 of the Dungeon.
You worshipped Vehumet.
Vehumet was aware of your devotion.
You were a tree.
You visited 2 branches of the dungeon, and saw 8 of its levels.

You collected 338 gold pieces.

Inventory:

Hand Weapons
 F - a +1 battleaxe of electrocution
 H - a +1 short sword of venom (weapon)
Missiles
 y - 2 throwing nets
Armour
 b - a +0 robe (melded)
 c - a +0 hat (melded)
 v - a +0 pair of gloves (melded)
 x - a +0 buckler
Jewellery
 f - an amulet of the acrobat (around neck)
 B - a ring of protection from fire (left branch)
 D - a +6 ring of dexterity (right branch)
Wands
 E - a wand of roots (12)
Scrolls
 e - 2 scrolls of teleportation {unknown}
 g - 6 scrolls of identify {unknown}
 i - 2 scrolls of enchant armour {unknown}
 k - 2 scrolls of fog {unknown}
 l - a scroll of magic mapping {unknown}
 m - a scroll of butterflies {unknown}
 r - 2 scrolls of poison {unknown}
 u - 2 scrolls of fear {unknown}
 w - a scroll of brand weapon {unknown}
 z - a scroll of torment {unknown}
 A - 2 scrolls of vulnerability {unknown}
 G - a scroll of acquirement {unknown}
Potions
 a - 3 potions of invisibility
 d - 2 potions of magic
 j - a potion of lignification
 n - a potion of haste
 o - a potion of degeneration {unknown}
 p - 3 potions of curing {unknown}
 q - 2 potions of heal wounds {unknown}
 s - 2 potions of might {unknown}
 t - a potion of brilliance {unknown}
 C - a potion of cancellation {unknown}


   Skills:
 + Level 2.0 Fighting
 - Level 3.0 Armour
 - Level 3.0 Dodging
 - Level 3.0 Stealth
 * Level 10.4 Spellcasting
 + Level 5.5 Conjurations
 + Level 4.7 Summonings
 - Level 1.1 Translocations
 - Level 1.0 Air Magic
 - Level 1.0 Poison Magic
 - Level 1.2 Evocations


You had 19 spell levels left.
You knew the following spells:

 Your Spells              Type           Power      Damage    Failure   Level
a - Magic Dart            Conj           100%       1d8       1%          1
b - Mephitic Cloud        Conj/Pois/Air  22%        N/A       6%          3
c - Call Imp              Summ           32%        N/A       1%          2
d - Blink                 Tloc           32%        N/A       5%          2

Your spell library contained the following spells:

 Spells                   Type           Power      Damage    Failure   Level
 Shock                    Conj/Air       100%       1d9       1%          1
 Slow                     Hex            44%        N/A       6%          1
 Cigotuvi's Dreadful Rot  Necr/Pois/Air  28%        N/A       7%          2
 Ozocubu's Armour         Ice            11%        N/A       17%         3
 Sticky Flame             Conj/Fire      23%        2d4       19%         4
 Statue Form              Tmut/Erth      7%         N/A       100%        6
 Ozocubu's Refrigeration  Ice            5%         4d8       100%        7
 Storm Form               Tmut/Air       6%         N/A       100%        7


Dungeon Overview and Level Annotations

Branches:
Dungeon (7/15)             Temple (1/1) D:6

Altars:
Fedhas
Gozag
Kikubaaqudgha
Makhleb
Nemelex Xobeh
Trog
Uskayaw
Vehumet
Xom


Message History

* * * LOW HITPOINT WARNING * * *
You are lethally poisoned!
You feel yourself slow down.
You can move again.
Casting: Mephitic Cloud (dangerous; 6% risk of failure)
Confirm with . or Enter, or press ? or * to list all spells.
A beastly little devil appears in a puff of frigid air.
You feel yourself speed up.
* * * LOW HITPOINT WARNING * * *
You feel very sick.
It was a potion of invisibility.
You fade into invisibility!
* * * LOW HITPOINT WARNING * * *
You feel very sick.
It was a potion of flight.
You feel very buoyant.
You fly up into the air.
* * * LOW HITPOINT WARNING * * *
You feel sick.
The hornet buzzes around in tight circles.
The hornet closely misses you.
It was a potion of lignification.
You turn into a tree.
Your +0 hat melds into your body.
Your +0 pair of gloves melds into your body.
Your +0 robe melds into your body.
Your roots penetrate the ground.
* * * LOW HITPOINT WARNING * * *
You feel sick.
The hornet barely misses your white imp.
Your white imp hits the hornet but does no damage.
You catch the helpless hornet completely off-guard!
You hit the hornet.
The hornet is poisoned.
The hornet is lightly wounded.
* * * LOW HITPOINT WARNING * * *
You feel sick. The hornet stings your white imp!
Your white imp is poisoned.
Your white imp seems to slow down.
The hornet stings your white imp!
Your white imp is killed!
Your white imp disappears in a puff of smoke!
It was a potion of haste.
You feel yourself speed up.
You die...

~~~..#...# #.# =..
.~~♣.....# #.# ##...
~~..#....∩ #.# ....~
P.......# #.##.....
#......# #.....#
#.#......# #...#..#
.........# #..###...
#.#.).# #........
..##.#.)♣# #.#######
.!......y# #.#
.###.#...# ##'##
#.###.#.### ##...##
#.......# ##.....##
#####.#.## ##.......#
###....####........<#
..(........')........+
####....####.........#


You could see a hornet (confused, unable to see you, very poisoned).

Vanquished Creatures
  2 yaks (D:7)
  A water moccasin (D:6)
  2 sky beasts
  An ogre (D:6)
  A phantom (D:5)
  A kobold brigand (D:7)
  Blork the orc (D:6)
  2 bullfrogs
  2 scorpions
  5 hounds
  3 jellies
  2 orc priests
  A gnoll bouda (D:7)
  An orc wizard (D:4)
  4 iguanas
  A gnoll (D:7)
  5 adders
  A shadow imp (D:6)
  3 white imps
  2 ufetubi (D:3)
  2 worms (D:3)
  2 dart slugs
  27 orcs
  11 endoplasms
  4 giant cockroaches
  6 goblins
  4 hobgoblins
  6 jackals (D:1)
  8 kobolds
  3 quokkas
  3 ball pythons
  3 bats
  3 frilled lizards (D:3)
  8 rats
131 creatures vanquished.

Vanquished Creatures (collateral kills)
  An orc priest (D:4)
  2 orcs (D:4)
3 creatures vanquished.

Vanquished Creatures (others)
  7 plants (D:7)
7 creatures vanquished.

Grand Total: 141 creatures vanquished

Notes
Turn   | Place    | Note
-------+----------+-------------------------------------------
     0 | D:1      | pokeman the Deep Elf Hedge Wizard began the quest for the
                  | Orb.
     0 | D:1      | Reached XP level 1. HP: 10/10 MP: 7/7
   321 | D:1      | Reached XP level 2. HP: 16/16 MP: 2/9
   674 | D:1      | Found a faded altar of an unknown god.
  1179 | D:2      | Reached skill level 5 in Spellcasting
  1431 | D:2      | Reached XP level 3. HP: 20/20 MP: 8/11
  1435 | D:2      | Learned a level 3 spell: Mephitic Cloud
  1438 | D:2      | Learned a level 2 spell: Call Imp
  1441 | D:2      | Learned a level 2 spell: Blink
  2284 | D:3      | Reached skill level 1 in Fighting
  2361 | D:3      | Reached skill level 1 in Armour
  2627 | D:3      | Reached XP level 4. HP: 25/25 MP: 9/13
  3588 | D:4      | Reached XP level 5. HP: 29/29 MP: 13/15
  3632 | D:4      | Reached skill level 6 in Spellcasting
  3909 | D:4      | Found an opulent altar of Gozag.
  3915 | D:4      | Reached skill level 1 in Poison Magic
  4002 | D:4      | Reached skill level 1 in Air Magic
  4014 | D:4      | Reached XP level 6. HP: 32/34 MP: 8/17
  4812 | D:5      | Entered Level 5 of the Dungeon
  4861 | D:5      | Reached skill level 7 in Spellcasting
  4989 | D:5      | Got the Compendium of the Changing Coals
  5277 | D:5      | Reached XP level 7. HP: 24/39 MP: 5/20
  5689 | D:5      | Found a blossoming altar of Fedhas.
  5876 | D:6      | Found a staircase to the Ecumenical Temple.
  5883 | Temple   | Entered the Ecumenical Temple
  5907 | Temple   | Became a worshipper of Vehumet
  5978 | D:6      | Reached skill level 8 in Spellcasting
  6130 | D:6      | Reached skill level 1 in Evocations
  6139 | D:6      | Noticed Blork the orc
  6156 | D:6      | Killed Blork the orc
  6480 | D:6      | Reached XP level 8. HP: 32/44 MP: 13/22
  6572 | D:6      | Found a bloodstained altar of Trog.
  6916 | D:6      | Reached skill level 9 in Spellcasting
  7227 | D:7      | Found an ancient bone altar of Kikubaaqudgha.
  7294 | D:7      | Found a burning altar of Makhleb.
  7360 | D:7      | Reached * piety under Vehumet
  7360 | D:7      | Offered knowledge of Shock by Vehumet.
  7361 | D:7      | Reached skill level 5 in Conjurations
  7423 | D:7      | Reached skill level 10 in Spellcasting
  7500 | D:7      | Noticed a hornet
  7510 | D:7      | Paralysed by a hornet for 3 turns
  7515 | D:7      | HP: 2/44 [poisoned by a hornet]
  7518 | D:7      | Succumbed to a hornet's poison

Illustrated notes

Levels and vault maps discovered:
D:1:      wander_arrival_fairy_ring, layout_loops_cross,
          shapermc_ecumenical_altar_ellora
D:2:      layout_basic
D:3:      layout_basic, grunt_decor_clamped, grunt_ministairs_11
D:4:      layout_layer_cave, mainiacjoe_overflow_brackets
D:5:      layout_basic, kennysheep_mini_moat
D:6:      layout_layer_cave, trog_three_pillars_becter,
          minmay_temple_entry_steel_oval, uniq_blork_the_orc
D:7:      layout_loops_corners, grunt_dithmenos_shadows, marbit_many_paths,
          kiku_gazebo_pond_becter, mainiacjoe_overflow_alcove_1, serial_bayou,
          serial_bayou_shore_a, serial_bayou_shore_b, serial_bayou_shore_b,
          serial_bayou_pond_b, chequers_ossuary_entry_cave,
          chequers_serial_rivers_micro_c, minmay_lizard_king
Temple:   bh_familiar_temple

Skill      XL: |  1  2  3  4  5  6  7  8 |
---------------+-------------------------+-----
Spellcasting   | 5 6 7 8 10 | 10.4
Fighting       | 1 2 |  2.0
Armour         | 1 2 3 |  3.0
Conjurations   | 2 3 4 5 |  5.5
Dodging        | 3 |  3.0
Stealth        | 3 |  3.0
Poison Magic   | 1 |  1.0
Air Magic      | 1 |  1.0
Summonings     | 2 3 4 |  4.7
Evocations     | 1 |  1.2
Translocations | |  1.1

Action                   |  1- 3 |  4- 6 |  7- 9 || total
-------------------------+-------+-------+-------++-------
Melee: Dagger            |    13 |    27 |    21 ||    61
       Short sword       |       |       |    49 ||    49
       Punch             |       |       |     1 ||     1
 Cast: Magic Dart        |    97 |   113 |   103 ||   313
       Mephitic Cloud    |       |     7 |    16 ||    23
       Call Imp          |       |     1 |     3 ||     4
       Blink             |       |       |     1 ||     1
  Use: Potion            |       |       |     4 ||     4
 Stab: Sleeping          |     1 |       |       ||     1
       Confused          |       |     3 |    11 ||    14
       Invisible         |       |       |     1 ||     1
Armor: Robe              |     5 |     7 |     9 ||    21
Dodge: Dodged            |    28 |    31 |    49 ||   108

Table legend: (Time is in decaauts)
 A = Elapsed time spent in this place.
 B = Non-inter-level travel time spent in this place.
 C = Inter-level travel time spent in this place.
 D = Time resting spent in this place.
 E = Time spent auto-exploring this place.
 F = Levels seen in this place.
 G = Mean time per level.
                   A        B        C        D        E       F      G
               +--------+--------+--------+--------+--------+-----+--------+
         Total |   7506 |   7264 |    242 |    117 |   6130 |   8 |  938.2 |
       Dungeon |   7468 |   7238 |    230 |    117 |   6110 |   7 | 1066.9 |
        Temple |     37 |     25 |     12 |      0 |     20 |   1 |   37.0 |
               +--------+--------+--------+--------+--------+-----+--------+

Top non-repeatable levels by time:
     D:4: 1381 daAuts
     D:6: 1264 daAuts
     D:3: 1191 daAuts
     D:2: 1129 daAuts
     D:1: 1098 daAuts
     D:5: 1060 daAuts
     D:7: 342 daAuts
  Temple: 37 daAuts
